Zazza, neutral female human Tourist --- -. ---- ------ . |..----....-------------- .- |.......................| .|---.-----....------..---- ..- -.||...| |....- ...-- .... |.||.--- ---...| -.--- ... |.||.| |...| . . |.||.| |...| - ....| |.||.| |.... - ...-- |.||.| |..... |.I ... |.-|.| |.....- -..... --..|.| --.--.. -..I. |.....| --- ... |...- --.--.| .. -..| |.||.| .-- -- |.--.-- . |.....-- . ---....| --..-- ---- Zazza the Sightseer Experience level: 4 Strength: 11 Dexterity: 10 Constitution: 16 Intelligence: 12 Wisdom: 8 Charisma: 18 Health: 0(37) Energy: 15(15) Def: 1 Gold: 0 Moves: 3723 Dungeon seed: NTT5NN_CcT-m-JV3 Game ID: Zazza_1581837365 Your Inventory: Amulets v - an uncursed amulet of unchanging (being worn) Weapons a - 21 +2 darts (in quiver) w - a cursed +0 silver saber (weapon in hand) Armor e - an uncursed +0 Hawaiian shirt (being worn) q - an uncursed +0 orcish helm (being worn) Comestibles b - an uncursed food ration c - an uncursed tripe ration f - an uncursed slime mold x - an uncursed egg Scrolls h - an uncursed scroll of magic mapping m - a cursed scroll of remove curse t - an uncursed scroll of destroy armor B - an uncursed scroll of fire D - an uncursed scroll of destroy armor F - an uncursed scroll of confuse monster G - an uncursed scroll of enchant armor Q - an uncursed scroll of remove curse V - an uncursed scroll of enchant weapon Potions E - an uncursed potion of polymorph H - an uncursed potion of booze Rings d - an uncursed ring of shock resistance i - an uncursed ring of see invisible (on left hand) n - a cursed ring of polymorph p - an uncursed ring of slow digestion s - an uncursed ring of shock resistance y - an uncursed ring of shock resistance W - a cursed ring of hunger X - a cursed ring of levitation Y - an uncursed ring of invisibility Z - a cursed -1 ring of increase damage Wands C - a wand of secret door detection (0:12) Tools j - an expensive camera (0:32) k - an uncursed skeleton key u - a magic marker (0:83) I - a fire horn (0:6) Gems r - an uncursed jade stone z - an uncursed amethyst stone Spells and supernatural/magical abilities: Name Level Category Fail Memory W - pray for help -- divine ? -- Your skills at the end: Fighting Skills Weapon Skills dart [Basic] Spellcasting Skills Final Attributes: You were devoutly aligned. You were blinded. You saw invisible. You could not change from your current form. You are dead. Vanquished creatures: 2 large mimics a yellow light a homunculus an iguana an acid blob 2 coyotes a gas spore a large kobold 2 giant rats a cave spider 2 brown molds a green mold 4 gnomes a gnome zombie 2 geckos 9 jackals a fox a kobold 3 goblins a sewer rat 13 grid bugs a bat a lichen a kobold zombie 7 newts 61 creatures vanquished. Voluntary challenges: You had followed a strict vegetarian diet until turn 2703. You had been an atheist until turn 2693. You used a wielded weapon 22 times, starting on turn 618. You read items or engraved 5 times, starting on turn 183. You never genocided any monsters. You never polymorphed an object. You never changed form. You used no wishes. You never split a pudding. You wrote Elbereth's name 2 times, starting on turn 3042. You never violated your personal moral code. Dungeon overview: The Dungeons of Doom: levels 1 to 6 Level 1 a long staircase Level 2 a general store Level 3 a scroll shop, a fountain Level 4 a jewelry store stairs to The Gnomish Mines Level 5 a fountain Level 6 a fountain The Gnomish Mines: levels 5 to 7 Level 5 stairs to The Dungeons of Doom Level 7 <- You were here History has recorded: On T:1 you entered the Dungeons of Doom to retrieve the Amulet of Yendor! On T:390 you reached level 2 of The Dungeons of Doom. On T:756 you reached level 3 of The Dungeons of Doom. On T:1141 you reached level 4 of The Dungeons of Doom. On T:1656 you reached level 5 of The Dungeons of Doom. On T:2131 you reached level 6 of The Dungeons of Doom. On T:2918 you advanced to experience level 2. On T:3013 you advanced to experience level 3. On T:3048 you advanced to experience level 4. On T:3578 you reached level 1 of The Gnomish Mines. On T:3591 you reached level 3 of The Gnomish Mines. Score breakdown: Gold: 0 ( 0 points) Experience: 4 levels ( 9649 points) Exploration: 7 levels ( 13.46%) (10289 points) Discoveries: 2 items ( 0.67%) ( 2457 points) Valuables value: (no points given unless you survive) Artifact value: 0 ( 0 points) Variety of kills: 25 monsters ( 6.56%) ( 7684 points) Turncount: 3723 turns ( -918 points) Survival: died (score multiplied by 80%) Total score: 23328 Latest messages: z - a violet gem. The yellow light explodes! You are blinded by a blast of light! D - a scroll. You try to feel what is lying here on the floor. You feel here a horn. I - a horn. You hear crashing rock. It bites! There's still a monster there. It bites! It bites! (2x) Use the 'moveonly' command to move into a remembered wall. It bumps right into you! Your feet are frozen to the floor! It bumps right into you! It bites! (9x) You hear crashing rock. It bites! (2x) You die... Final status: Aloha Zazza the Tourist, killed by a giant ant, while frozen by a potion... You died in The Gnomish Mines on dungeon level 7 with 23328 points, and 0 pieces of gold, after 3723 moves. You were level 4 with a maximum of 37 hit points when you died.